[Event "Titled Tuesday Blitz August 1 Late 2023"]
[White "Zakhartsov, Vladimir"]
[Black "Ambartsumova, Karina"]
[WhiteFideId "4145097"]
[BlackFideId "4166299"]
[WhiteElo "2922"]
[BlackElo "2552"]
[Result "1-0"]
[Round "2"]
[TimeControl "180+1"]
[Date "2023.08.01"]
[WhiteClock "0:00:26"]
[BlackClock "0:00:00"]
[Board "19"]

1. d4 d6 2. e4 Nf6 3. Nc3 e5 4. Nf3 Nbd7 5. Bc4 Be7 6. a4 O-O 7. O-O a6 8. a5 b5 9. axb6 cxb6 10. Re1 Bb7 11. d5 b5 12. Bd3 Nb6 13. Ne2 g6 14. Ng3 Ne8 15. Bd2 Nd7 16. Ba5 Qc8 17. b4 Bd8 18. Qd2 Ng7 19. Rec1 Bxa5 20. Rxa5 Nb6 21. Qh6 f6 22. Qe3 Qc7 23. Nd2 f5 24. Qh6 f4 25. Ne2 Rac8 26. f3 Nc4 27. Bxc4 bxc4 28. c3 Qb6+ 29. Kf1 Qe3 30. Ra2 Nh5 31. g4 Nf6 32. Qh4 Nxe4 33. fxe4 f3 34. Ng1 Qd3+ 35. Kf2 Bxd5 36. exd5 e4 37. Qg5 Rce8 38. Qe3 1-0


[Site "https://www.chess.com"]

[Event "Titled Tuesday Blitz August 1 Late 2023"]
[White "Grigorjev, Iljya"]
[Black "Leebit02"]
[WhiteFideId "24159565"]
[WhiteElo "2901"]
[BlackElo "2550"]
[Result "1-0"]
[Round "2"]
[TimeControl "180+1"]
[Date "2023.08.01"]
[WhiteClock "0:00:19"]
[BlackClock "0:00:12"]
[Board "20"]

1. d4 Nf6 2. c4 e6 3. Nc3 Bb4 4. e3 O-O 5. Bd3 Re8 6. Ne2 d5 7. a3 Bf8 8. Qc2 dxc4 9. Bxc4 a6 10. O-O c5 11. Rd1 Qc7 12. dxc5 Bxc5 13. Ba2 Bd6 14. h3 b5 15. b4 Bb7 16. Bb2 Nbd7 17. Rac1 Qc6 18. Nd5 Qxc2 19. Nxf6+ Nxf6 20. Rxc2 Bf8 21. Rc7 Bd5 22. Bxd5 Nxd5 23. Rd7 Nb6 24. Rb7 Nc4 25. Bc3 Re7 26. Rxe7 Bxe7 27. Nd4 Bf6 28. Ra1 Kf8 29. a4 bxa4 30. Rxa4 Nb6 31. Ra5 Nd5 32. Bd2 Bxd4 33. exd4 Ke7 34. b5 Nc7 35. b6 Nd5 36. Rxd5 exd5 37. Bf4 Kd7 38. b7 Rd8 39. b8=Q Rxb8 40. Bxb8 Kc6 41. Kf1 Kb5 42. Ke2 Kc4 43. Ba7 a5 44. Kd2 Kb3 45. Bc5 Kb2 46. Ke3 a4 47. Kf4 a3 48. Bxa3+ Kxa3 49. Ke5 1-0


[Site "https://www.chess.com"]

[Event "Titled Tuesday Blitz August 1 Late 2023"]
[White "Santos Flores, Alberto"]
[Black "Zhigalko, Sergei"]
[WhiteFideId "3601234"]
[BlackFideId "13502956"]
[WhiteElo "2549"]
[BlackElo "2897"]
[Result "0-1"]
[Round "2"]
[TimeControl "180+1"]
[Date "2023.08.01"]
[WhiteClock "0:00:00"]
[BlackClock "0:00:07"]
[Board "21"]

1. e4 c5 2. Nf3 Nc6 3. Nc3 Nf6 4. d4 cxd4 5. Nxd4 e5 6. Ndb5 d6 7. Bg5 a6 8. Na3 b5 9. Bxf6 gxf6 10. Nd5 Bg7 11. c3 f5 12. exf5 Bxf5 13. Nc2 Be6 14. Nce3 Ne7 15. g3 Nxd5 16. Nxd5 O-O 17. Bg2 a5 18. O-O Rb8 19. Kh1 Kh8 20. f4 f5 21. a3 Qd7 22. Qd2 e4 23. g4 fxg4 24. Bxe4 Rbe8 25. Rae1 Bf5 26. Bg2 Bg6 27. Rxe8 Rxe8 28. Re1 h5 29. Rxe8+ Qxe8 30. h3 g3 31. Qe3 Qxe3 32. Nxe3 h4 33. Bc6 Bh6 34. Ng2 Bd3 35. a4 b4 36. cxb4 axb4 37. Bb7 b3 38. a5 Bg7 39. a6 Bd4 40. Nxh4 Kg7 41. Kg2 Kf6 42. Kxg3 Ke6 43. Nf3 Bc5 44. Nd2 Bc2 45. h4 Kd7 46. Kg4 Kc7 47. f5 Bd4 48. h5 Bxb2 49. h6 Bf6 50. Nxb3 Bxb3 51. Kh5 Bf7+ 52. Kg4 Kb6 53. Kf4 Kc7 54. Kg4 Kb6 55. Kf4 d5 56. h7 d4 57. Ke4 Ka7 58. Kd3 Kb6 59. Ke4 Bc4 60. Kf3 Bxa6 61. Bd5 Bb7 62. Bxb7 Kxb7 63. Ke4 Kc6 64. Kf4 Kd5 65. Kg4 d3 66. Kh5 d2 67. Kg6 Ke5 0-1


[Site "https://www.chess.com"]

[Event "Titled Tuesday Blitz August 1 Late 2023"]
[White "Kazakouski, Valery"]
[Black "Shapiro, Viktor"]
[WhiteFideId "13507443"]
[BlackFideId "4175700"]
[WhiteElo "2889"]
[BlackElo "2548"]
[Result "1-0"]
[Round "2"]
[TimeControl "180+1"]
[Date "2023.08.01"]
[WhiteClock "0:01:06"]
[BlackClock "0:00:21"]
[Board "22"]

1. Nf3 Nf6 2. c4 c5 3. b3 g6 4. Bb2 Bg7 5. g3 Nc6 6. Bg2 O-O 7. O-O d6 8. d4 cxd4 9. Nxd4 Bd7 10. Qd2 a6 11. Rd1 Rc8 12. Na3 Qc7 13. Nac2 Ne5 14. Ne3 Rfd8 15. Rac1 e6 16. h3 Qb8 17. Ba3 Be8 18. Ndc2 Bf8 19. g4 b5 20. cxb5 axb5 21. Bb2 Bg7 22. Nb4 h5 23. Rxc8 Qxc8 24. Bxe5 Ne4 25. Bxe4 Bxe5 26. Nd3 Bc3 27. Qc1 d5 28. Bf3 d4 29. Ng2 hxg4 30. hxg4 Qa6 31. Qg5 Rc8 32. Ngf4 Qxa2 33. Kg2 Qxb3 34. Rh1 e5 35. Qf6 1-0


[Site "https://www.chess.com"]

[Event "Titled Tuesday Blitz August 1 Late 2023"]
[White "Hajiyev, Kanan"]
[Black "Aravindh, Chithambaram VR."]
[WhiteFideId "13404148"]
[BlackFideId "5072786"]
[WhiteElo "2548"]
[BlackElo "2888"]
[Result "0-1"]
[Round "2"]
[TimeControl "180+1"]
[Date "2023.08.01"]
[WhiteClock "0:00:34"]
[BlackClock "0:01:30"]
[Board "23"]

1. d4 g6 2. Nf3 Bg7 3. g3 d6 4. Bg2 Nf6 5. O-O O-O 6. b3 c5 7. Bb2 Ne4 8. Nbd2 Nxd2 9. Qxd2 Nc6 10. c4 Bg4 11. dxc5 dxc5 12. Bxg7 Kxg7 13. Qc3+ Kg8 14. Rad1 Qc7 15. Rd5 Bxf3 16. Bxf3 Nd4 17. Re1 e6 18. Rg5 f5 19. g4 Qg7 20. Qe3 h6 21. Bxb7 Rab8 22. gxf5 hxg5 23. f6 Qxb7 0-1


[Site "https://www.chess.com"]

[Event "Titled Tuesday Blitz August 1 Late 2023"]
[White "Perez Ponsa, Federico"]
[Black "Kalogeris, Ioannis"]
[WhiteFideId "117927"]
[BlackFideId "4239563"]
[WhiteElo "2883"]
[BlackElo "2548"]
[Result "1-0"]
[Round "2"]
[TimeControl "180+1"]
[Date "2023.08.01"]
[WhiteClock "0:00:01"]
[BlackClock "0:00:12"]
[Board "24"]

1. e4 e5 2. Nf3 Nc6 3. d4 exd4 4. Nxd4 Bc5 5. Nb3 Bb6 6. Qe2 Nge7 7. Nc3 O-O 8. Be3 f5 9. O-O-O f4 10. Bxb6 axb6 11. h4 d6 12. h5 h6 13. Kb1 Ne5 14. f3 Bd7 15. a3 Qe8 16. Nd4 c6 17. Qd2 Rf6 18. Rh4 Qf7 19. a4 Kh8 20. b3 Rd8 21. Kb2 Bc8 22. Nde2 Rf8 23. Nc1 Be6 24. Qxd6 Nd7 25. Qd4 Nc5 26. Qb4 Nc8 27. a5 Na6 28. Bxa6 bxa6 29. axb6 Qb7 30. Na4 Bg8 31. Nc5 Qxb6 32. Qxb6 Nxb6 33. N1d3 a5 34. Ne5 Ra8 35. Ned7 Nxd7 36. Rxd7 a4 37. bxa4 Rff8 38. Rg4 Rfb8+ 39. Kc1 Ra5 40. Nd3 Rxa4 41. Rgxg7 Ra1+ 42. Kd2 Rbb1 43. Nxf4 Rd1+ 44. Kc3 Ra3+ 45. Kb2 Rda1 46. Ng6# 1-0


[Site "https://www.chess.com"]

[Event "Titled Tuesday Blitz August 1 Late 2023"]
[White "Shtembuliak, Evgeny"]
[Black "Keleberda, Tymur"]
[WhiteFideId "14113325"]
[BlackFideId "14174294"]
[WhiteElo "2870"]
[BlackElo "2545"]
[Result "1-0"]
[Round "2"]
[TimeControl "180+1"]
[Date "2023.08.01"]
[WhiteClock "0:01:16"]
[BlackClock "0:01:17"]
[Board "25"]

1. c4 Nf6 2. Nc3 c5 3. Nf3 Nc6 4. e3 e6 5. d4 cxd4 6. exd4 d5 7. Bd3 dxc4 8. Bxc4 Be7 9. O-O Nb4 10. Bg5 O-O 11. Ne5 Nfd5 12. Bd2 Nc6 13. Nxc6 bxc6 14. Ne4 Qb6 15. Qc2 Qxd4 16. Rad1 Qb6 17. Bg5 Bxg5 18. Nxg5 g6 19. Rfe1 Ba6 20. Bb3 Rac8 21. Qe4 Qb4 22. Bxd5 Qe7 23. Qh4 f6 24. Bxe6+ Kh8 25. Bxc8 fxg5 26. Rxe7 gxh4 27. Bxa6 1-0


[Site "https://www.chess.com"]

[Event "Titled Tuesday Blitz August 1 Late 2023"]
[White "Dobrikov, Marco"]
[Black "Moroni, Luca Jr"]
[WhiteFideId "12950378"]
[BlackFideId "865834"]
[WhiteElo "2540"]
[BlackElo "2869"]
[Result "0-1"]
[Round "2"]
[TimeControl "180+1"]
[Date "2023.08.01"]
[WhiteClock "0:00:09"]
[BlackClock "0:00:04"]
[Board "26"]

1. d4 g6 2. e4 Bg7 3. Nc3 d6 4. h4 Nf6 5. h5 Nxh5 6. Rxh5 gxh5 7. Qxh5 Bxd4 8. Bc4 e6 9. Nge2 Bf6 10. Bh6 Nc6 11. O-O-O Qe7 12. g4 Bd7 13. Nb5 O-O-O 14. g5 Be5 15. f4 Na5 16. Bd3 Bxb2+ 17. Kxb2 d5 18. Nbc3 dxe4 19. Nxe4 Bc6 20. N4c3 Rhg8 21. a3 Rd7 22. Qh3 Qc5 23. f5 exf5 24. Qxf5 Nc4+ 25. Kb1 Qb6+ 26. Nb5 Bxb5 27. Bxc4 Bxc4+ 28. Ka1 Be6 29. Qf1 Rxd1+ 30. Qxd1 Rd8 31. Qc1 Qc5 32. Bg7 Qc4 33. Nc3 a6 34. Bf6 Rd6 35. a4 Rb6 36. Qd2 Rd6 37. Qe3 Qb4 38. Qa7 Qa3+ 39. Kb1 Ba2+ 40. Ka1 Rd1+ 41. Nxd1 Bb3+ 42. Kb1 Qa2+ 43. Kc1 Qxc2# 0-1


[Site "https://www.chess.com"]

[Event "Titled Tuesday Blitz August 1 Late 2023"]
[White "Kowalski, Igor"]
[Black "Zhang, Derek"]
[WhiteFideId "1172468"]
[BlackFideId "2087871"]
[WhiteElo "2856"]
[BlackElo "2538"]
[Result "1-0"]
[Round "2"]
[TimeControl "180+1"]
[Date "2023.08.01"]
[WhiteClock "0:00:13"]
[BlackClock "0:00:08"]
[Board "27"]

1. Nf3 d6 2. d4 f5 3. Nc3 Nf6 4. Bg5 Nbd7 5. e3 g6 6. Bc4 c6 7. Be6 Bg7 8. d5 Nc5 9. Bxc8 Rxc8 10. O-O e5 11. dxe6 Nxe6 12. Bh4 Qe7 13. e4 f4 14. e5 dxe5 15. Ne4 O-O 16. Re1 Rcd8 17. Qe2 Nd4 18. Nxd4 Rxd4 19. Bxf6 Bxf6 20. c3 Rd5 21. f3 Qe6 22. a4 Be7 23. Kh1 Bc5 24. Qc4 Be3 25. a5 a6 26. g4 Rfd8 27. b3 Kg7 28. Kg2 Qf7 29. Re2 Rd1 30. Rxd1 Qxc4 31. bxc4 Rxd1 32. Rb2 Rd7 33. c5 h5 34. g5 Kf8 35. h4 Ke7 36. Kf1 Ke6 37. Ke2 Kd5 38. Nf6+ Ke6 39. Nxd7 Kxd7 40. Rxb7+ Ke6 41. Rg7 Bxc5 42. Rxg6+ Kd5 43. Rh6 1-0


[Site "https://www.chess.com"]

[Event "Titled Tuesday Blitz August 1 Late 2023"]
[White "Toropov, Pavel"]
[Black "Maksimovic, Bojan"]
[WhiteFideId "24129178"]
[BlackFideId "14408120"]
[WhiteElo "2538"]
[BlackElo "2854"]
[Result "0-1"]
[Round "2"]
[TimeControl "180+1"]
[Date "2023.08.01"]
[WhiteClock "0:00:14"]
[BlackClock "0:00:36"]
[Board "28"]

1. e4 g6 2. d4 Nf6 3. Nc3 d5 4. e5 Ne4 5. Nxe4 dxe4 6. Be3 c5 7. dxc5 Qc7 8. Qd4 Bf5 9. e6 f6 10. O-O-O Nc6 11. Bb5 a6 12. Ba4 Rd8 13. Qxd8+ Qxd8 14. Rxd8+ Kxd8 15. Bb3 Bg7 16. Ne2 Kc8 17. h3 h5 18. Ng3 h4 19. Nxf5 gxf5 20. Kd2 Bh6 21. Bxh6 Rxh6 22. Ke3 Rg6 23. Rg1 Ne5 24. g3 Nf3 25. Rg2 Rg5 26. c3 Kc7 27. Bd1 Ne5 28. Bb3 Ng6 29. Rg1 hxg3 30. fxg3 f4+ 31. Kxe4 fxg3 32. Kf3 Nh4+ 33. Kf4 g2 34. Bd5 Rxd5 35. Kg4 Nf5 36. h4 Rxc5 37. h5 Nh6+ 38. Kh4 Rg5 0-1


[Site "https://www.chess.com"]

[Event "Titled Tuesday Blitz August 1 Late 2023"]
[White "Grigoriants, Sergey"]
[Black "Mladek, Richard"]
[WhiteFideId "4130804"]
[BlackFideId "386588"]
[WhiteElo "2840"]
[BlackElo "2538"]
[Result "1-0"]
[Round "2"]
[TimeControl "180+1"]
[Date "2023.08.01"]
[WhiteClock "0:00:08"]
[BlackClock "0:00:05"]
[Board "29"]

1. d4 Nf6 2. c4 e6 3. g3 d5 4. Bg2 dxc4 5. Nf3 c5 6. O-O Nc6 7. dxc5 Qxd1 8. Rxd1 Bxc5 9. Nbd2 c3 10. bxc3 O-O 11. Nb3 Be7 12. Nfd4 Nxd4 13. cxd4 Nd5 14. Bd2 f5 15. Rac1 Bd6 16. Bxd5 exd5 17. Bf4 Bxf4 18. gxf4 b6 19. Rc7 Ba6 20. e3 Rf6 21. Nd2 Rc8 22. Rxc8+ Bxc8 23. Rc1 Ba6 24. Rc7 Rf7 25. Rc6 Rd7 26. Nf3 Bb7 27. Rc3 Kf8 28. Ne5 Re7 29. f3 Ke8 30. Kf2 Kd8 31. Ra3 a5 32. Rb3 Kc7 33. h4 Ba6 34. Rb1 Bc4 35. a4 Ba6 36. h5 Kb7 37. Kg3 Rc7 38. Kh4 h6 39. Rg1 Bc4 40. Rb1 Ka6 41. Kg3 b5 42. axb5+ Bxb5 43. e4 dxe4 44. fxe4 Rc3+ 45. Kf2 fxe4 46. d5 a4 47. d6 Rc8 48. Ke3 Rd8 49. Rd1 a3 50. Kxe4 Ka5 51. Kd5 Kb4 52. Rb1+ Ka5 53. Nc6+ Bxc6+ 54. Kxc6 Ka4 55. d7 a2 56. Rd1 Kb3 57. Kc7 Rf8 58. d8=Q Rxd8 59. Kxd8 Kb2 60. Rg1 a1=Q 61. Rxa1 Kxa1 62. Ke7 Kb2 63. Kf7 Kc3 64. Kxg7 Kd4 65. f5 Ke5 66. f6 1-0


[Site "https://www.chess.com"]

[Event "Titled Tuesday Blitz August 1 Late 2023"]
[White "Martinez Reyes, Pedro Ramon"]
[Black "Pichot, Alan"]
[WhiteFideId "3901807"]
[BlackFideId "110973"]
[WhiteElo "2537"]
[BlackElo "2838"]
[Result "0-1"]
[Round "2"]
[TimeControl "180+1"]
[Date "2023.08.01"]
[WhiteClock "0:00:00"]
[BlackClock "0:00:07"]
[Board "30"]

1. e4 c5 2. Nf3 e6 3. c3 d5 4. exd5 Qxd5 5. d4 Nf6 6. Na3 a6 7. Nc4 Nbd7 8. Be2 b5 9. Ne3 Qc6 10. a4 b4 11. Ne5 Qc7 12. O-O Nxe5 13. dxe5 Qxe5 14. Bf3 Ra7 15. Nc4 Qc7 16. cxb4 Be7 17. Be3 O-O 18. Rc1 Rd8 19. Qb3 Bb7 20. Be2 Bd5 21. b5 axb5 22. axb5 Rb7 23. Qa4 h5 24. h3 Rdb8 25. Na3 Qe5 26. Qc2 h4 27. Qc3 Qf5 28. Bd3 Ne4 29. Qc2 Qe5 30. f4 Qf5 31. Rce1 c4 32. Nxc4 Bxc4 33. Qxc4 Nd6 34. Qc3 Bf6 35. Bxf5 Bxc3 36. bxc3 Nxf5 37. c4 Rc8 38. Bf2 Rxc4 39. b6 Rxf4 40. Rb1 Ne7 41. Rfc1 Nd5 42. Rc5 Kh7 43. Rcb5 Ra4 44. R5b3 g5 45. Rb5 Kg6 46. Rf1 Rf4 0-1


[Site "https://www.chess.com"]

[Event "Titled Tuesday Blitz August 1 Late 2023"]
[White "Bazeev, German"]
[Black "Altman, Joshua"]
[WhiteFideId "24119350"]
[BlackFideId "426210"]
[WhiteElo "2822"]
[BlackElo "2535"]
[Result "1-0"]
[Round "2"]
[TimeControl "180+1"]
[Date "2023.08.01"]
[WhiteClock "0:00:24"]
[BlackClock "0:00:40"]
[Board "31"]

1. c4 e5 2. Nc3 Nc6 3. Nf3 Nf6 4. e4 Bb4 5. d3 d6 6. h3 h6 7. Be2 O-O 8. O-O Be6 9. Be3 Qd7 10. Nd5 Bxd5 11. cxd5 Ne7 12. Rc1 Ba5 13. Nd2 Ng6 14. Nc4 Bb6 15. Bg4 Nxg4 16. hxg4 Bxe3 17. Nxe3 Qe7 18. g3 Rac8 19. Qb3 b6 20. Nf5 Qg5 21. Qd1 h5 22. gxh5 Nf4 23. Kh2 Nxh5 24. Qf3 g6 25. Ne3 Kg7 26. Qg4 Qxg4 27. Nxg4 Rh8 28. Kg2 f5 29. Ne3 f4 30. Ng4 Rhf8 31. Rfd1 Rf7 32. Rd2 Rcf8 33. Rdc2 fxg3 34. fxg3 Rf3 35. Rxc7+ Kh8 36. Nh6 Rxg3+ 37. Kh1 Rh3+ 38. Kg1 Nf4 39. Nf7+ Rxf7 40. Rxf7 Ne2+ 41. Kg2 Rg3+ 42. Kf2 Nxc1 43. Kxg3 Nxd3 44. Rxa7 Nc5 45. Kf3 g5 46. b4 g4+ 47. Kxg4 Nxe4 48. Kf5 Nc3 49. Ke6 Kg8 50. Kxd6 Nb5+ 51. Kxe5 Nxa7 52. Kd6 Kf7 53. a4 Ke8 54. Kc7 b5 55. a5 Ke7 56. d6+ Ke6 57. d7 Nc6 58. Kxc6 Ke7 59. Kc7 1-0


[Site "https://www.chess.com"]

[Event "Titled Tuesday Blitz August 1 Late 2023"]
[White "Chor, Kevin"]
[Black "Ashraf, Artin"]
[WhiteFideId "2090740"]
[BlackFideId "22514805"]
[WhiteElo "2529"]
[BlackElo "2822"]
[Result "0-1"]
[Round "2"]
[TimeControl "180+1"]
[Date "2023.08.01"]
[WhiteClock "0:01:02"]
[BlackClock "0:00:46"]
[Board "32"]

1. e4 c5 2. Nf3 d6 3. d4 cxd4 4. Nxd4 Nf6 5. Nc3 a6 6. Be2 e6 7. O-O Be7 8. f4 Qc7 9. Kh1 O-O 10. Be3 b5 11. Bf3 Bb7 12. e5 dxe5 13. fxe5 Nfd7 14. Bxb7 Qxb7 15. Qh5 Nc6 16. Rf3 g6 17. Qh6 Ncxe5 18. Rh3 Nf6 19. Bg5 Neg4 20. Qh4 h5 21. Rf1 b4 22. Bxf6 Bxf6 23. Rxf6 bxc3 24. b3 Qe4 25. Nf3 Rad8 0-1


[Site "https://www.chess.com"]

[Event "Titled Tuesday Blitz August 1 Late 2023"]
[White "Lamaze, Simon"]
[Black "Sreyas Payyappat"]
[WhiteFideId "36069264"]
[BlackFideId "46674969"]
[WhiteElo "2805"]
[BlackElo "2528"]
[Result "1-0"]
[Round "2"]
[TimeControl "180+1"]
[Date "2023.08.01"]
[WhiteClock "0:01:39"]
[BlackClock "0:00:53"]
[Board "33"]

1. c4 c5 2. Nc3 Nc6 3. Nf3 Nf6 4. d4 cxd4 5. Nxd4 e6 6. g3 Qb6 7. Ndb5 Ne5 8. Bf4 Nfg4 9. e3 a6 10. h3 axb5 11. hxg4 Nxc4 12. g5 d5 13. a4 Bb4 14. Bxc4 bxc4 15. Be5 Ba5 16. Kf1 Bd7 17. Bxg7 Rg8 18. Bd4 Qxb2 19. Nxd5 c3 20. Nf6+ Kf8 21. Bc5+ Kg7 22. Rxh7+ Kg6 23. Qd3+ Kxg5 24. Rh5+ Kxf6 25. Qd4+ Kg6 26. Qg4+ Kf6 27. Qh4+ Kg7 28. Qg5# 1-0


[Site "https://www.chess.com"]

[Event "Titled Tuesday Blitz August 1 Late 2023"]
[White "Berezin, Viktor"]
[Black "Hambleton, Aman"]
[WhiteFideId "14107872"]
[BlackFideId "2606577"]
[WhiteElo "2525"]
[BlackElo "2803"]
[Result "0-1"]
[Round "2"]
[TimeControl "180+1"]
[Date "2023.08.01"]
[WhiteClock "0:00:54"]
[BlackClock "0:00:04"]
[Board "34"]

1. d4 Nf6 2. Nf3 e6 3. c4 b6 4. g3 Ba6 5. Nbd2 Bb4 6. Qc2 Bb7 7. Bg2 Be4 8. Qb3 Bxd2+ 9. Bxd2 d6 10. O-O O-O 11. Rfc1 c5 12. dxc5 dxc5 13. Rd1 Nc6 14. Qe3 Qe7 15. Bc3 e5 16. Qg5 h6 17. Qe3 Nd4 18. Ne1 Bxg2 19. Kxg2 Qb7+ 20. f3 Rfe8 21. Qf2 Ng4 22. Qg1 Nxe2 23. Qh1 Ne3+ 24. Kf2 Nxd1+ 25. Rxd1 Nxc3 26. bxc3 Rad8 27. Nc2 Qa6 28. Qf1 Qxa2 29. Qe2 Rxd1 30. Qxd1 Qxc4 31. Qd7 Qe6 32. Qxa7 e4 33. Qb7 exf3 34. Qxf3 Qf6 35. Qxf6 gxf6 36. Ne3 b5 37. Nd5 Kg7 38. Nc7 Rb8 39. Na6 Rc8 40. Ke3 Rc6 41. Nb8 Re6+ 42. Kd3 b4 43. Nd7 bxc3 44. Nxc5 Rc6 45. Nb3 c2 46. Nc1 f5 47. Kd4 Rc8 48. Ke5 Kg6 49. h4 f6+ 50. Kf4 Rc5 51. g4 Rc4+ 52. Kf3 fxg4+ 53. Kg3 h5 0-1


[Site "https://www.chess.com"]

[Event "Titled Tuesday Blitz August 1 Late 2023"]
[White "Bauman_Guy"]
[Black "Tikhonov, Viacheslav"]
[BlackFideId "44196407"]
[WhiteElo "2801"]
[BlackElo "2522"]
[Result "1-0"]
[Round "2"]
[TimeControl "180+1"]
[Date "2023.08.01"]
[WhiteClock "0:02:50"]
[BlackClock "0:02:29"]
[Board "35"]

1. e4 c5 2. Nf3 Nc6 3. d4 cxd4 4. Nxd4 Nf6 5. Nc3 e5 6. Ndb5 d6 7. Bg5 a6 8. Na3 b5 9. Bxf6 gxf6 10. Nd5 Bg7 11. g3 f5 12. Bg2 f4 13. c3 O-O 14. O-O Be6 15. Nc2 Ne7 16. Ncb4 Ng6 17. a4 bxa4 18. Rxa4 a5 19. Nc6 Qb6 20. Nxb6 1-0


[Site "https://www.chess.com"]

[Event "Titled Tuesday Blitz August 1 Late 2023"]
[White "ATM622"]
[Black "Grigorov, Grigor"]
[BlackFideId "2907313"]
[WhiteElo "2519"]
[BlackElo "2790"]
[Result "0-1"]
[Round "2"]
[TimeControl "180+1"]
[Date "2023.08.01"]
[WhiteClock "0:01:26"]
[BlackClock "0:02:13"]
[Board "36"]

1. d4 Nf6 2. c4 e6 3. g3 c5 4. d5 exd5 5. cxd5 d6 6. Bg2 g6 7. Nf3 Bg7 8. O-O O-O 9. Nc3 a6 10. a4 Nbd7 11. Bf4 Qe7 12. Nd2 Ng4 13. Nc4 Nge5 14. Ne4 Nxc4 15. Qc2 Nce5 16. Bg5 f6 17. Bf4 h6 18. Bh3 f5 19. Nc3 Nf6 20. a5 Bd7 21. e4 Nf3+ 22. Kg2 Nd4 23. Qd1 g5 24. Be3 g4 0-1


[Site "https://www.chess.com"]

[Event "Titled Tuesday Blitz August 1 Late 2023"]
[White "Basso, Pier Luigi"]
[Black "Wartiovaara, Oliver"]
[WhiteFideId "866970"]
[BlackFideId "513024"]
[WhiteElo "2787"]
[BlackElo "2519"]
[Result "1-0"]
[Round "2"]
[TimeControl "180+1"]
[Date "2023.08.01"]
[WhiteClock "0:01:16"]
[BlackClock "0:01:08"]
[Board "37"]

1. e4 b6 2. d4 Bb7 3. Bd3 e6 4. Nf3 d5 5. e5 c5 6. c3 Qd7 7. O-O Ba6 8. Bxa6 Nxa6 9. Re1 Ne7 10. Nbd2 Nc6 11. Nf1 Be7 12. Ng3 O-O-O 13. Be3 cxd4 14. cxd4 Kb7 15. Rc1 Rc8 16. h3 Rc7 17. Nh5 g6 18. Nf6 Qd8 19. Bf4 Na5 20. Rxc7+ Nxc7 21. Ng5 Bxf6 22. Nxf7 Qe7 23. Nd6+ Kb8 24. exf6 Qd7 25. Qg4 Rf8 26. f7 Nb7 27. Ne8 1-0


[Site "https://www.chess.com"]

[Event "Titled Tuesday Blitz August 1 Late 2023"]
[White "Moral Garcia, Serafin"]
[Black "Kushko, Dmitriy"]
[WhiteFideId "2201925"]
[BlackFideId "14162261"]
[WhiteElo "2519"]
[BlackElo "2781"]
[Result "1-0"]
[Round "2"]
[TimeControl "180+1"]
[Date "2023.08.01"]
[WhiteClock "0:00:15"]
[BlackClock "0:00:02"]
[Board "38"]

1. e4 g6 2. d4 Bg7 3. Nc3 d6 4. f4 Nf6 5. Nf3 c5 6. Bb5+ Bd7 7. e5 Ng4 8. e6 fxe6 9. Ng5 Bxb5 10. Nxe6 Bxd4 11. Nxb5 Qa5+ 12. Qd2 Bf2+ 13. Kd1 Ne3+ 14. Ke2 Qxb5+ 15. Kxf2 Ng4+ 16. Kg3 Qd7 17. Re1 Nh6 18. b3 Nc6 19. Bb2 Rg8 20. Rad1 Nd8 21. Nxc5 Qg4+ 22. Kf2 dxc5 23. Rxe7+ Kxe7 24. Qd6+ Kf7 25. Qf6+ Ke8 26. Re1+ Kd7 27. Re7+ Kc8 28. Be5 Qd7 29. Rxd7 Ng4+ 30. Ke2 Kxd7 31. Qd6+ Ke8 32. Bf6 Nxf6 33. Qxf6 Rc8 34. Qe5+ Kf7 35. Qd5+ Ne6 36. Qxb7+ Kf6 37. g3 Rge8 38. Qxa7 Rc7 39. Qa6 Rce7 40. c3 Kf5 41. Kf3 Kf6 42. a4 Kf7 43. Qc4 Kf8 44. a5 Ng7 45. a6 Re3+ 46. Kg4 h5+ 47. Kg5 R8e6 48. a7 Re8 49. Kxg6 Ne6 50. f5 Ke7 51. fxe6 Rxe6+ 52. Kf5 Rf8+ 53. Kg5 Re5+ 54. Kh4 Rg8 55. Qa6 1-0


[Site "https://www.chess.com"]

[Event "Titled Tuesday Blitz August 1 Late 2023"]
[White "Krzyzanowski, Marcin"]
[Black "Prado Lobo, Jonas"]
[WhiteFideId "1132199"]
[BlackFideId "32050666"]
[WhiteElo "2776"]
[BlackElo "2518"]
[Result "1-0"]
[Round "2"]
[TimeControl "180+1"]
[Date "2023.08.01"]
[WhiteClock "0:00:08"]
[BlackClock "0:00:07"]
[Board "39"]

1. e4 e5 2. Nf3 Nf6 3. Nc3 Nc6 4. h3 a6 5. d4 Bb4 6. dxe5 Nxe4 7. Qd3 d5 8. exd6 O-O 9. Be2 Bf5 10. Qd5 Nxc3 11. Qxf5 Qxd6 12. Bd3 g6 13. Qg4 Rfe8+ 14. Kf1 Nd5 15. a3 Bc5 16. Bd2 Ne5 17. Nxe5 Qxe5 18. Rb1 Rad8 19. h4 Nf6 20. Qf3 h5 21. Rh3 Ng4 22. Qf4 Qe6 23. Bc3 Rxd3 24. Rxd3 Qe2+ 25. Kg1 Nxf2 26. Rd4 Re4 27. Qxf2 Qg4 28. Rf1 Bxd4 29. Bxd4 f5 30. Be3 Qxh4 31. Qxh4 Rxh4 32. Bf4 Rg4 33. Bxc7 Rc4 34. Be5 Rxc2 35. Bc3 Kf7 36. Rd1 Ke6 37. Re1+ Kd5 38. Re8 Rc1+ 39. Kh2 f4 40. Rg8 Rc2 41. Rxg6 f3 42. Kg1 fxg2 43. Rxg2 Rxg2+ 44. Kxg2 Kc4 45. Kh3 Kb3 46. Kh4 b5 47. Kxh5 a5 48. Bxa5 b4 49. Bxb4 1-0


[Site "https://www.chess.com"]

[Event "Titled Tuesday Blitz August 1 Late 2023"]
[White "Cremisi, Daniel"]
[Black "Mekhitarian, Krikor Sevag"]
[WhiteFideId "2089882"]
[BlackFideId "2107660"]
[WhiteElo "2518"]
[BlackElo "2773"]
[Result "1-0"]
[Round "2"]
[TimeControl "180+1"]
[Date "2023.08.01"]
[WhiteClock "0:00:31"]
[BlackClock "0:00:09"]
[Board "40"]

1. d4 Nf6 2. c4 g6 3. Nc3 d5 4. cxd5 Nxd5 5. e4 Nxc3 6. bxc3 Bg7 7. Be3 c5 8. Rc1 Qa5 9. Qd2 O-O 10. Nf3 b6 11. d5 e6 12. c4 Qxd2+ 13. Nxd2 Nd7 14. Be2 Re8 15. O-O Ba6 16. Rfe1 Rad8 17. a4 Bb2 18. Rb1 Bc3 19. Rbc1 Bb4 20. Red1 exd5 21. exd5 Nf6 22. Kf1 h5 23. Bg5 Kg7 24. Bf3 Rd6 25. h3 Rd7 26. Bxf6+ Kxf6 27. Ne4+ Kg7 28. g4 hxg4 29. hxg4 f6 30. g5 fxg5 31. Nxg5 Re5 32. Ne6+ Kf6 33. Bg4 Rh7 34. Kg2 Bc8 35. Rd3 Bd7 36. Rf3+ Ke7 37. Rd1 Kd6 38. Rf6 Ke7 39. Rxg6 Be8 40. Rg8 Bd7 41. f4 Reh5 42. d6+ Kf7 43. Rf8+ Kg6 44. f5+ Rxf5 45. Bxf5+ 1-0


[Site "https://www.chess.com"]

[Event "Titled Tuesday Blitz August 1 Late 2023"]
[White "Mahdavi, Reza"]
[Black "Petesch, Gabriel"]
[WhiteFideId "12595926"]
[BlackFideId "2032465"]
[WhiteElo "2768"]
[BlackElo "2518"]
[Result "1-0"]
[Round "2"]
[TimeControl "180+1"]
[Date "2023.08.01"]
[WhiteClock "0:01:47"]
[BlackClock "0:01:06"]
[Board "41"]

1. e4 c6 2. d4 d5 3. e5 Bf5 4. Nf3 e6 5. Be2 Ne7 6. O-O c5 7. c4 Nbc6 8. dxc5 Ng6 9. cxd5 Qxd5 10. Qxd5 exd5 11. Nc3 O-O-O 12. Bg5 Rd7 13. Rfd1 d4 14. Nb5 d3 15. Bf1 Bxc5 16. Rac1 Bb6 17. Nd6+ Kb8 18. Nxf5 h6 19. Be3 Bxe3 20. Nxe3 Nf4 21. g3 g5 22. gxf4 gxf4 23. Ng2 1-0


[Site "https://www.chess.com"]